 Dungeon Crawl Stone Soup version 0.29-a0-1027-gcd8c55af63 (webtiles) character file.

Game seed: 10457748612256859855

909 Armakuni the Charlatan (level 8, 0/61 HPs)
             Began as a Human Monk on Aug 13, 2022.
             Succumbed to a scorpion's poison
             ... on level 5 of the Dungeon.
             The game lasted 00:08:00 (3962 turns).

Armakuni the Charlatan (Human Monk)                 Turns: 3962, Time: 00:08:01

Health: 0/61       AC:  5    Str: 12    XL:     8   Next: 29%
Magic:  1/17       EV: 11    Int: 12    God:
Gold:   48         SH:  0    Dex: 16    Spells: 3/7 levels left

rFire   . . .      SeeInvis .   a - +2 flail
rCold   . . .      Faith    .   (no shield)
rNeg    . . .      Spirit   +   d - +0 ring mail
rPois   .          Reflect  .   (no helmet)
rElec   .          Harm     .   (no cloak)
rCorr   .          Rampage  .   (no gloves)
Will    .....                   (no boots)
Stlth   +.........              G - amulet of guardian spirit
HPRegen 0.20/turn               P - ring of magical power
MPRegen 0.15/turn               (no ring)

@: lethally poisoned (0 -> -16)
A: no striking features
a: no special abilities


You were on level 5 of the Dungeon.
You visited 1 branch of the dungeon, and saw 5 of its levels.

You collected 232 gold pieces.
You spent 184 gold pieces at shops.

Inventory:

Hand Weapons
 a - a +2 flail (weapon)
 b - the +9 shortbow of Usuugiro {freeze, Fly rF- Will+ Str+2}
   (You bought it in a shop on level 2 of the Dungeon)

   Any ammunition fired from it freezes those it strikes, dealing additional
   cold damage.
   It can also slow down cold-blooded creatures.
   Str:       It affects your strength (+2).
   rF:        It makes you vulnerable to fire.
   Fly:       It grants you flight.
   Will:      It increases your willpower.
Armour
 d - a +0 ring mail (worn)
 i - a +0 buckler
Jewellery
 G - an amulet of guardian spirit (around neck)
 P - a ring of magical power (left hand)
 U - an amulet of faith
Wands
 m - a wand of mindburst (9)
Scrolls
 h - 4 scrolls of teleportation
 j - a scroll of fear
Potions
 c - a potion of invisibility {unknown}
 e - a potion of might {unknown}
 f - 2 potions of cancellation
 g - a potion of curing {unknown}


   Skills:
 + Level 4.4 Fighting
 - Level 4.6 Maces & Flails
 - Level 3.0 Armour
 - Level 3.0 Dodging
 - Level 2.0 Stealth
 - Level 4.0 Shields
 - Level 5.0 Evocations


You had 3 spell levels left.
You knew the following spells:

 Your Spells              Type           Power      Damage    Failure   Level
m - Iskenderun's Mystic   Conj/Tloc      0%         2d3       100%        4

Your spell library contained the following spells:

 Spells                   Type           Power      Damage    Failure   Level
 Sublimation of Blood     Necr           0%         N/A       71%         2
 Portal Projectile        Hex/Tloc       0%         N/A       91%         3
 Tukima's Dance           Hex            0%         N/A       91%         3
 Fulminant Prism          Conj/Hex       0%         3d6       100%        4
 Petrify                  Tmut/Erth      0%         N/A       100%        4
 Blade Hands              Tmut           0%         N/A       100%        5
 Irradiate                Conj/Tmut      0%         3d11      100%        5
 Lee's Rapid Deconstruct  Erth           0%         3d5*      100%        5


Dungeon Overview and Level Annotations

Branches:
Dungeon (5/15)
 Temple: D:4-7

Altars:
Ashenzari

Shops:
D:2 (


Message History

The ogre hits you with a +0 giant spiked club!
You sock the ogre!
The ogre is moderately wounded.
The scorpion stings you. x2
You are poisoned.
The scorpion poisons you!
The ogre hits you with a +0 giant spiked club!!
Aiming: Mindburst
Press: ? - help, Shift-Dir - straight line, f/p - ogre
Aim: an ogre, wielding a +0 giant spiked club (moderately wounded, chance to affect: 81%)
The ogre's mind is blasted!
You feel sick. The scorpion stings you.
* * * LOW HITPOINT WARNING * * *
You are lethally poisoned!
The scorpion poisons you!
Aiming: Mindburst
Press: ? - help, Shift-Dir - straight line, f/p - ogre
Aim: an ogre, wielding a +0 giant spiked club (severely wounded, chance to affect: 81%)
The ogre's mind is blasted.
* * * LOW HITPOINT WARNING * * *
You feel very sick. The ogre barely misses you. The scorpion stings you.
* * * LOW HITPOINT WARNING * * *
You are more poisoned.
The scorpion poisons you!
Aiming: Mindburst
Press: ? - help, Shift-Dir - straight line, f/p - ogre
Aim: an ogre, wielding a +0 giant spiked club (severely wounded, chance to affect: 81%)
The ogre's mind is blasted!!
You blow up the ogre!
* * * LOW HITPOINT WARNING * * *
You feel very sick. The scorpion stings you!
* * * LOW HITPOINT WARNING * * *
Your Fighting skill increases to level 4!
Aiming: Mindburst
Press: ? - help, Shift-Dir - straight line, f - scorpion
Aim: a scorpion (almost dead, chance to affect: 81%)
The scorpion's mind is blasted!!
You blow up the scorpion!
You die...

#....#
#....#
#+###..††#
#......<.#
#........#
###.......##
..........#
..........#
.........@#
.........)#
........#.#
...###..#..
+## #......
......#.
####.#.# ..
..


There were no monsters in sight!

Vanquished Creatures
  Duvessa (D:4)
  2 ogres
  A phantom (D:3)
  2 scorpions
  A necrophage (D:4)
  Dowan (D:4)
  2 howler monkeys (D:4)
  An orc priest (D:4)
  A jelly (D:4)
  An orc wizard (D:4)
  Terence (D:2)
  4 gnolls
  8 adders
  An ufetubus (D:4)
  4 worms (D:4)
  2 dart slugs
  3 orcs
  6 bats
  5 endoplasms
  A giant cockroach (D:3)
  8 hobgoblins
  7 jackals
  5 kobolds
  5 quokkas
  3 ball pythons
  3 frilled lizards (D:2)
  6 goblins
  3 rats
88 creatures vanquished.

Notes
Turn   | Place    | Note
-------+----------+-------------------------------------------
     0 | D:1      | Armakuni the Human Monk began the quest for the Orb.
     0 | D:1      | Reached XP level 1. HP: 18/18 MP: 1/1
    96 | D:1      | Reached skill level 1 in Armour
    96 | D:1      | Reached XP level 2. HP: 21/24 MP: 2/2
   330 | D:1      | Reached XP level 3. HP: 29/29 MP: 3/3
   466 | D:1      | You fall into a shaft and drop 1 floor!
   746 | D:2      | Reached XP level 4. HP: 35/35 MP: 4/4
   764 | D:2      | Found Pajoh's Antique Weapon Emporium.
   794 | D:2      | Noticed Terence
   815 | D:2      | Killed Terence
  1364 | D:2      | Reached XP level 5. HP: 41/41 MP: 5/5
  1846 | D:3      | Found a broken altar of Ashenzari.
  2326 | D:3      | Reached skill level 1 in Evocations
  2422 | D:3      | Learned a level 4 spell: Iskenderun's Mystic Blast
  2886 | D:2      | Bought an iridescent shortbow for 184 gold pieces
  2886 | D:2      | Identified the +9 shortbow of Usuugiro {freeze, Fly rF-
                  | Will+ Str+2} (You bought it in a shop on level 2 of the
                  | Dungeon)
  3033 | D:4      | Reached skill level 1 in Shields
  3033 | D:4      | Reached skill level 2 in Evocations
  3033 | D:4      | Reached XP level 6. HP: 47/47 MP: 6/6
  3088 | D:4      | Noticed an ogre
  3101 | D:3      | Killed an ogre
  3112 | D:3      | Reached skill level 3 in Evocations
  3112 | D:3      | Reached XP level 7. HP: 24/52 MP: 3/7
  3447 | D:4      | Noticed Duvessa
  3447 | D:4      | Noticed Dowan
  3462 | D:4      | Killed Duvessa
  3463 | D:4      | Reached skill level 4 in Evocations
  3465 | D:4      | Killed Dowan
  3719 | D:4      | Reached XP level 8. HP: 58/58 MP: 8/8
  3750 | D:4      | Reached skill level 5 in Evocations
  3938 | D:5      | Entered Level 5 of the Dungeon
  3961 | D:5      | HP: 3/60 [scorpion (3)]
  3962 | D:5      | Succumbed to a scorpion's poison

Illustrated notes

Levels and vault maps discovered:
D:1:      scummos_arrival_simple_crosswalls, layout_basic
D:2:      layout_loops_cross, serial_shops, nicolae_shop_behind_doors,
          uniq_terence
D:3:      layout_loops_corners, mainiacjoe_overflow_brackets,
          grunt_ministairs_3, kennysheep_generic_room_8
D:4:      layout_rooms, uniq_duvessa
D:5:      layout_basic, overflow_temple_1_default, serial_shops, shop,
          minmay_checkerbox, uniq_pikel

Skill      XL: |  1  2  3  4  5  6  7  8 |
---------------+-------------------------+-----
Armour         | 1 2 3 |  3.0
Maces & Flails | 4 |  4.6
Evocations     | 2 3 4 5 |  5.0
Shields        | 1 2 4 |  4.0
Fighting       | 4 |  4.4
Dodging        | |  3.0
Stealth        | |  2.0

Action                   |  1- 3 |  4- 6 |  7- 9 || total
-------------------------+-------+-------+-------++-------
Melee: Mace              |    58 |    16 |       ||    74
       Punch             |     2 |     2 |       ||     4
       Flail             |       |    97 |     1 ||    98
 Fire: Shortbow          |       |    25 |    67 ||    92
Throw: Javelin           |       |     2 |       ||     2
Evoke: Wand              |       |     2 |     5 ||     7
  Use: Potion            |     1 |     3 |       ||     4
       Scroll            |       |     9 |     1 ||    10
 Stab: Sleeping          |       |     4 |       ||     4
Armor: Ring mail         |    44 |    41 |     8 ||    93
       Skin              |       |    16 |     3 ||    19
Dodge: Dodged            |    69 |    88 |    18 ||   175

Table legend: (Time is in decaauts)
 A = Elapsed time spent in this place.
 B = Non-inter-level travel time spent in this place.
 C = Inter-level travel time spent in this place.
 D = Time resting spent in this place.
 E = Time spent auto-exploring this place.
 F = Levels seen in this place.
 G = Mean time per level.
                   A        B        C        D        E       F      G
               +--------+--------+--------+--------+--------+-----+--------+
         Total |   4051 |   3929 |    122 |    678 |   2447 |   5 |  810.2 |
       Dungeon |   4051 |   3929 |    122 |    678 |   2447 |   5 |  810.2 |
               +--------+--------+--------+--------+--------+-----+--------+

Top non-repeatable levels by time:
     D:3: 1414 daAuts
     D:2: 1188 daAuts
     D:1: 711 daAuts
     D:4: 708 daAuts
     D:5: 28 daAuts
